SA
BELLEVUE BRUINS @ WALLA WALLA WALLEYE
08/18/2029
 
TOP OF THE 1ST
Bellevue Bruins batting - Pitching for Walla Walla Walleye : RHP Sjoerd Reynoud
Pitching: RHP Sjoerd Reynoud
Batting: LHB Juan Romero 0-0: Ball
1-0: Ball
2-0: Ground out 4-3 (Groundball, 4)
Batting: LHB Domingo Colón 0-0: Called Strike
0-1: Ball
1-1: Swinging Strike
1-2: Hit by Pitch
Batting: SHB Júlio Morín Jr. 0-0: Called Strike
0-1: Foul Ball, location: 2F
0-2: Ball
1-2: Ball
2-2: Fly out, F8 (Flyball, 8RXD)
Batting: SHB Aurelio Jiménez 0-0: Ball
1-0: Ball
Domingo Colón is caught stealing 2nd base
Top of the 1st over - 0 runs, 0 hits, 0 errors, 0 left on base; Bellevue 0 - Walla Walla 0
BOTTOM OF THE 1ST
Walla Walla Walleye batting - Pitching for Bellevue Bruins : RHP Kewiki Pua
Pitching: RHP Kewiki Pua
Batting: RHB Héctor Espiga 0-0: Ball
1-0: Ball
2-0: Foul Ball, location: 2F
2-1: Foul Ball, location: 2F
2-2: SINGLE (Line Drive, 3D)
Batting: RHB Olubowale Akintimehin 0-0: Called Strike
0-1: Ball
1-1: Ball
2-1: Fly out, F9 (Flyball, 9LM)
Batting: RHB Leonardo Medina 0-0: Ball
1-0: SINGLE (Line Drive, 4MD)
Héctor Espiga to second
Batting: RHB Luis Delvalle 0-0: Swinging Strike
0-1: Ball
1-1: Ball
2-1: Ball
3-1: DOUBLE (Line Drive, 7LS)
Héctor Espiga scores
Leonardo Medina to third
Batting: LHB Johan Kroening 0-0: Ball
1-0: Foul Ball, location: 2F
1-1: Ball
2-1: Ball
3-1: Base on Balls
Batting: RHB José de la Cavallería 0-0: Grounds into double play, 6-4-3 (Groundball, 56)
Bottom of the 1st over - 1 run, 3 hits, 0 errors, 2 left on base; Bellevue 0 - Walla Walla 1
TOP OF THE 2ND
Bellevue Bruins batting - Pitching for Walla Walla Walleye : RHP Sjoerd Reynoud
Batting: SHB Aurelio Jiménez 0-0: Ball
1-0: Called Strike
1-1: Ground out 6-3 (Groundball, 6M)
Batting: RHB Miguel Elías 0-0: Ball
1-0: Ball
2-0: Foul Ball, location: 2F
2-1: Foul Ball, location: 2F
2-2: Strikes out looking
Batting: LHB Atro Jarvilehto 0-0: Called Strike
0-1: Ball
1-1: Ball
2-1: Ball
3-1: Foul Ball, location: 2F
3-2: Ground out 6-3 (Groundball, 6)
Top of the 2nd over - 0 runs, 0 hits, 0 errors, 0 left on base; Bellevue 0 - Walla Walla 1
BOTTOM OF THE 2ND
Walla Walla Walleye batting - Pitching for Bellevue Bruins : RHP Kewiki Pua
Batting: RHB Martin Myers 0-0: Swinging Strike
0-1: Ball
1-1: Foul Ball, location: 2F
1-2: Ball
2-2: Ball
3-2: SINGLE (Line Drive, 8LS)
Batting: RHB Gustavo Ortíz 0-0: Swinging Strike
0-1: Foul Ball, location: 2F
0-2: TRIPLE (Flyball, 89XD)
Martin Myers scores
Batting: LHB Mo Eayrs 0-0: Called Strike
0-1: Swinging Strike
0-2: Strikes out looking
Batting: RHB Héctor Espiga 0-0: Ball
1-0: Ball
2-0: Ball
3-0: Base on Balls
Batting: RHB Olubowale Akintimehin Balk!
Gustavo Ortíz scores
Héctor Espiga to second
0-0: Foul Ball, location: 2F
0-1: Foul Ball, location: 2F
0-2: Ball
1-2: Ball
2-2: Ball
3-2: Strikes out swinging
Batting: RHB Leonardo Medina 0-0: Called Strike
0-1: Ball
1-1: Ball
2-1: Called Strike
2-2: Foul Ball, location: 2F
2-2: Ground out 3-1 (Groundball, 34S)
Bottom of the 2nd over - 2 runs, 2 hits, 0 errors, 1 left on base; Bellevue 0 - Walla Walla 3
TOP OF THE 3RD
Bellevue Bruins batting - Pitching for Walla Walla Walleye : RHP Sjoerd Reynoud
Batting: SHB Paul Maddox 0-0: Called Strike
0-1: Ball
1-1: Ball
2-1: Ground out U3 (Groundball, 34)
Batting: LHB David Muller 0-0: SOLO HOME RUN (Flyball, 9LD), Distance : 357 ft
Batting: RHB Ramón Ramírez 0-0: Ball
1-0: Called Strike
1-1: Fly out, F8 (Line Drive, 8LD)
Batting: LHB Juan Romero 0-0: Called Strike
0-1: Swinging Strike
0-2: Foul Ball, location: 2F
0-2: Ball
1-2: Strikes out looking
Top of the 3rd over - 1 run, 1 hit, 0 errors, 0 left on base; Bellevue 1 - Walla Walla 3
BOTTOM OF THE 3RD
Walla Walla Walleye batting - Pitching for Bellevue Bruins : RHP Kewiki Pua
Batting: RHB Luis Delvalle 0-0: Foul Ball, location: 2F
0-1: Ball
1-1: Ball
2-1: Ball
3-1: Base on Balls
Batting: LHB Johan Kroening 0-0: Ball
1-0: Fly out, F8 (Flyball, 78M)
Batting: RHB José de la Cavallería 0-0: Called Strike
0-1: Ground out 3-1 (Groundball, 34)
Luis Delvalle to second
Batting: RHB Martin Myers 0-0: Ground out 6-3 (Groundball, 6)
Bottom of the 3rd over - 0 runs, 0 hits, 0 errors, 1 left on base; Bellevue 1 - Walla Walla 3
TOP OF THE 4TH
Bellevue Bruins batting - Pitching for Walla Walla Walleye : RHP Sjoerd Reynoud
Batting: LHB Domingo Colón 0-0: Ball
1-0: Swinging Strike
1-1: Foul Ball, location: 2F
1-2: Foul Ball, location: 2F
1-2: Fly out, F7 (Flyball, 7LS)
Batting: SHB Júlio Morín Jr. 0-0: Ball
1-0: Foul Ball, location: 2F
1-1: Swinging Strike
1-2: Foul Ball, location: 2F
1-2: Strikes out looking
Batting: SHB Aurelio Jiménez 0-0: Ball
1-0: Swinging Strike
1-1: Ball
2-1: Ball
3-1: Fly out, F9 (Line Drive, 9LD)
Top of the 4th over - 0 runs, 0 hits, 0 errors, 0 left on base; Bellevue 1 - Walla Walla 3
BOTTOM OF THE 4TH
Walla Walla Walleye batting - Pitching for Bellevue Bruins : RHP Kewiki Pua
Batting: RHB Gustavo Ortíz 0-0: SINGLE (Line Drive, 9LS)
Batting: LHB Mo Eayrs 0-0: Fly out, F4 (Popup, 34D)
Batting: RHB Héctor Espiga 0-0: Ground out 5-3 (Groundball, 56S)
Gustavo Ortíz to second
Batting: RHB Olubowale Akintimehin 0-0: Ball
1-0: Called Strike
1-1: Ball
2-1: Called Strike
2-2: Ground out 4-3 (Groundball, 34)
Bottom of the 4th over - 0 runs, 1 hit, 0 errors, 1 left on base; Bellevue 1 - Walla Walla 3
TOP OF THE 5TH
Bellevue Bruins batting - Pitching for Walla Walla Walleye : RHP Sjoerd Reynoud
Batting: RHB Miguel Elías 0-0: Ball
1-0: Ball
2-0: Called Strike
2-1: SINGLE (Line Drive, 6D)
Batting: LHB Atro Jarvilehto 0-0: Bunt missed!
0-1: Bunt missed!
0-2: Ball
1-2: Ball
2-2: Foul Ball, location: 2F
2-2: Foul Ball, location: 2F
2-2: Fielders Choice at 2nd, 2-4 (Groundball, 2L)
Batting: SHB Paul Maddox 0-0: Called Strike
0-1: Ball
1-1: Ball
2-1: DOUBLE (Line Drive, 9)
Atro Jarvilehto to third
Runner from 3rd tries for Home, SAFE, no throw
Batting: LHB David Muller 0-0: Ball
1-0: Foul Ball, location: 2F
1-1: Foul Ball, location: 2F
1-2: Ground out 1-3 (Groundball, 13)
Paul Maddox to third
Batting: RHB Ramón Ramírez 0-0: Called Strike
0-1: Ball
1-1: Called Strike
1-2: Ball
2-2: Strikes out swinging
Top of the 5th over - 1 run, 2 hits, 0 errors, 1 left on base; Bellevue 2 - Walla Walla 3
BOTTOM OF THE 5TH
Walla Walla Walleye batting - Pitching for Bellevue Bruins : RHP Kewiki Pua
Batting: RHB Leonardo Medina 0-0: Ball
1-0: Foul Ball, location: 2F
1-1: Foul Ball, location: 2F
1-2: Ball
2-2: Strikes out swinging
Batting: RHB Luis Delvalle 0-0: Ball
1-0: Ball
2-0: Ground out 6-3 (Groundball, 6)
Batting: LHB Johan Kroening 0-0: Called Strike
0-1: Swinging Strike
0-2: Strikes out swinging
Bottom of the 5th over - 0 runs, 0 hits, 0 errors, 0 left on base; Bellevue 2 - Walla Walla 3
TOP OF THE 6TH
Bellevue Bruins batting - Pitching for Walla Walla Walleye : RHP Sjoerd Reynoud
Batting: LHB Juan Romero 0-0: Called Strike
0-1: SINGLE (Groundball, 4MD)
Batting: LHB Domingo Colón 0-0: Called Strike
Juan Romero is caught stealing 2nd base
0-1: Ball
1-1: Foul Ball, location: 2F
1-2: Ball
2-2: Ball
3-2: Foul Ball, location: 2F
3-2: Base on Balls
Batting: SHB Júlio Morín Jr. 0-0: Called Strike
0-1: Ball
1-1: Ball
2-1: Ball
3-1: Base on Balls
Domingo Colón to second
Batting: SHB Aurelio Jiménez 0-0: Ground out 6-3 (Groundball, 6MS)
Domingo Colón to third
Júlio Morín Jr. to second
Batting: RHB Miguel Elías 0-0: Ball
1-0: Ball
2-0: Fly out, F7 (Line Drive, 78D)
Top of the 6th over - 0 runs, 1 hit, 0 errors, 2 left on base; Bellevue 2 - Walla Walla 3
BOTTOM OF THE 6TH
Walla Walla Walleye batting - Pitching for Bellevue Bruins : RHP Kewiki Pua
Batting: RHB José de la Cavallería 0-0: Foul Ball, location: 2F
0-1: SINGLE (Groundball, 56D)
Batting: RHB Martin Myers 0-0: Grounds into double play, 6-4-3 (Groundball, 6)
Batting: RHB Gustavo Ortíz 0-0: Ball
1-0: Foul Ball, location: 2F
1-1: Ball
2-1: SINGLE (Groundball, 3D)
Batting: LHB Mo Eayrs 0-0: Ball
1-0: SINGLE (Groundball, 4MD)
Gustavo Ortíz to second
Runner from 2nd tries for 3rd, SAFE, no throw
Batting: RHB Héctor Espiga 0-0: Foul Ball, location: 2F
0-1: Ball
1-1: Swinging Strike
1-2: Strikes out swinging
Bottom of the 6th over - 0 runs, 3 hits, 0 errors, 2 left on base; Bellevue 2 - Walla Walla 3
TOP OF THE 7TH
Bellevue Bruins batting - Pitching for Walla Walla Walleye : RHP Sjoerd Reynoud
Batting: LHB Atro Jarvilehto 0-0: Fly out, F7 (Line Drive, 7)
Batting: SHB Paul Maddox 0-0: Ball
1-0: Ball
2-0: Ball
3-0: Called Strike
3-1: Base on Balls
Pitching: LHP Nicolas Michel
Pinch Hitting: RHB Ryan Faulkner 0-0: Ball
1-0: Ball
2-0: Ball
3-0: Base on Balls
Paul Maddox to second
Pitching: RHP José Marín
Pinch Hitting: SHB Jorge Ayala 0-0: Ball
1-0: Ball
2-0: Foul Ball, location: 2F
2-1: Foul Ball, location: 2F
2-2: Strikes out swinging
Batting: LHB Juan Romero 0-0: Called Strike
0-1: Foul Ball, location: 2F
0-2: Fly out, F9 (Flyball, 89M)
Top of the 7th over - 0 runs, 0 hits, 0 errors, 2 left on base; Bellevue 2 - Walla Walla 3
BOTTOM OF THE 7TH
Walla Walla Walleye batting - Pitching for Bellevue Bruins : RHP Kewiki Pua
Now at 2B: Félix Sánchez
Now in LF: Jorge Ayala
Batting: RHB Olubowale Akintimehin 0-0: Ball
1-0: Called Strike
1-1: Ground out 5-3 (Groundball, 56)
Batting: RHB Leonardo Medina 0-0: Hit by Pitch
Batting: RHB Luis Delvalle 0-0: Ball
1-0: Foul Ball, location: 2F
1-1: Foul Ball, location: 2F
1-2: Strikes out swinging
Batting: LHB Johan Kroening 0-0: Fly out, F9 (Flyball, 89S)
Bottom of the 7th over - 0 runs, 0 hits, 0 errors, 1 left on base; Bellevue 2 - Walla Walla 3
TOP OF THE 8TH
Bellevue Bruins batting - Pitching for Walla Walla Walleye : RHP José Marín
Now in CF: Cody Jaeckel
Batting: LHB Domingo Colón 0-0: Called Strike
0-1: Ball
1-1: TRIPLE (Flyball, 89XD)
Batting: SHB Júlio Morín Jr. 0-0: DOUBLE (Groundball, 3L)
Domingo Colón scores
Batting: SHB Aurelio Jiménez 0-0: Ball
1-0: Called Strike
1-1: Ball
2-1: Called Strike
2-2: Ball
3-2: Base on Balls
Batting: RHB Miguel Elías 0-0: DOUBLE (Groundball, 5L)
Júlio Morín Jr. scores
Aurelio Jiménez to third
Pitching: LHP Miguel López
Batting: LHB Atro Jarvilehto 0-0: Intentional Walk
Batting: SHB Paul Maddox 0-0: Foul Ball, location: 2F
0-1: Swinging Strike
0-2: Reaches on Catchers interference
Aurelio Jiménez scores
Miguel Elías to third
Atro Jarvilehto to second
Batting: RHB Félix Sánchez 0-0: Called Strike
0-1: Grounds into fielders choice 4-2 (Groundball, 34)
Atro Jarvilehto to third
Paul Maddox to second
Batting: SHB Jorge Ayala 0-0: Called Strike
0-1: Ball
1-1: Ball
2-1: Called Strike
2-2: SINGLE (Groundball, 6MD)
Atro Jarvilehto scores
Paul Maddox to third
Félix Sánchez to second
Runner from 3rd tries for Home, SAFE, no throw
Batting: LHB Juan Romero 0-0: Ball
1-0: Swinging Strike
1-1: Ball
2-1: Swinging Strike
2-2: Fly out, F8 (Flyball, 78D)
Batting: LHB Domingo Colón 0-0: Ball
1-0: Foul Ball, location: 2F
1-1: Fielders Choice at 2nd, 6-4 (Groundball, 6)
Top of the 8th over - 5 runs, 4 hits, 1 error, 2 left on base; Bellevue 7 - Walla Walla 3
BOTTOM OF THE 8TH
Walla Walla Walleye batting - Pitching for Bellevue Bruins : RHP Kewiki Pua
Batting: RHB José de la Cavallería 0-0: Ball
1-0: Ball
2-0: Ball
3-0: Called Strike
3-1: Called Strike
3-2: Fly out, F9 (Line Drive, 89D)
Batting: RHB Martin Myers 0-0: Ball
1-0: SINGLE (Groundball, 6D)
Pitching: LHP Christian Clayton
Batting: RHB Gustavo Ortíz 0-0: Ball
1-0: Ball
2-0: Fielders Choice at 2nd, 5-4 (Groundball, 56)
Batting: LHB Mo Eayrs 0-0: Ball
1-0: SINGLE (Line Drive, 78S)
Gustavo Ortíz to second
Batting: RHB Héctor Espiga 0-0: Called Strike
0-1: Ball
1-1: SINGLE (Line Drive, 8LS)
Gustavo Ortíz to third
Mo Eayrs to second
Runner from 3rd tries for Home, SAFE, no throw
Batting: RHB Olubowale Akintimehin 0-0: Ball
1-0: Ball
2-0: Called Strike
2-1: Foul Ball, location: 2F
2-2: Foul Ball, location: 2F
2-2: Foul Ball, location: 2F
2-2: Foul Ball, location: 2F
2-2: Ball
3-2: Fly out, F7 (Flyball, 7)
Bottom of the 8th over - 1 run, 3 hits, 0 errors, 2 left on base; Bellevue 7 - Walla Walla 4
TOP OF THE 9TH
Bellevue Bruins batting - Pitching for Walla Walla Walleye : LHP Miguel López
Batting: SHB Júlio Morín Jr. 0-0: Ball
1-0: Foul Ball, location: 2F
1-1: Foul Ball, location: 2F
1-2: Ball
2-2: Foul Ball, location: 2F
2-2: Ball
3-2: Base on Balls
Batting: SHB Aurelio Jiménez 0-0: Ball
1-0: Ball
2-0: Called Strike
2-1: Ball
3-1: Foul Ball, location: 2F
3-2: Hit by Pitch
Júlio Morín Jr. to second
Batting: RHB Miguel Elías 0-0: Reached on error, E6 (Groundball, 6)
Júlio Morín Jr. to third
Aurelio Jiménez to second
Batting: LHB Atro Jarvilehto 0-0: Called Strike
0-1: Ball
1-1: Swinging Strike
1-2: Grounds into fielders choice 3-2 (Groundball, 34S)
Aurelio Jiménez to third
Miguel Elías to second
Batting: SHB Paul Maddox 0-0: Called Strike
0-1: Foul Ball, location: 2F
0-2: Ball
1-2: Ball
2-2: SINGLE (Flyball, 78S)
Aurelio Jiménez scores
Miguel Elías to third
Atro Jarvilehto to second
Batting: RHB Félix Sánchez 0-0: Ball
1-0: Ball
2-0: Foul Ball, location: 2F
2-1: Swinging Strike
2-2: Ball
3-2: Fly out, F2 (Popup, 2RF)
Batting: SHB Jorge Ayala 0-0: Swinging Strike
0-1: Foul Ball, location: 2F
0-2: Fly out, F3 (Popup, 3F)
Top of the 9th over - 1 run, 1 hit, 1 error, 3 left on base; Bellevue 8 - Walla Walla 4
BOTTOM OF THE 9TH
Walla Walla Walleye batting - Pitching for Bellevue Bruins : LHP Christian Clayton
Batting: RHB Leonardo Medina 0-0: Called Strike
0-1: Swinging Strike
0-2: Ball
1-2: Ball
2-2: Strikes out swinging
Batting: RHB Luis Delvalle 0-0: Called Strike
0-1: Ball
1-1: Ball
2-1: Ball
3-1: Called Strike
3-2: Base on Balls
Batting: RHB Cody Jaeckel 0-0: Fly out, F8 (Flyball, 8RM)
Batting: RHB José de la Cavallería 0-0: Ball
1-0: Called Strike
1-1: Foul Ball, location: 2F
1-2: Ball
2-2: Foul Ball, location: 2F
2-2: SINGLE (Flyball, 3D)
Luis Delvalle to second
Pitching: RHP Brendan Haataja
Batting: RHB Martin Myers 0-0: Ball
1-0: Ball
2-0: Called Strike
2-1: Ball
3-1: Fly out, F4 (Popup, 4)
Bottom of the 9th over - 0 runs, 1 hit, 0 errors, 2 left on base; Bellevue 8 - Walla Walla 4
Tuesday, December 19th, 2017 - OOTP Baseball 18.8 Build 76